Sasquatch vs Demolitions
(R2)
Created - November 28, 2017 at 19:06
Goals
|
| Sasquatch |
1 |
3 |
3 |
7 |
| Demolitions |
3 |
0 |
2 |
5 |
|
Shots
|
| Sasquatch |
13 |
15 |
10 |
38 |
| Demolitions |
10 |
12 |
7 |
29 |
|
1st period
1. Demolitions , Martins Karsums 11 (Ryan Bayda 15, Darren Helm 25) at 7:53 (PP)
2. Demolitions , Erik Condra 7 (Bobby Butler 2, Joe Cannata) at 9:15 (PP)
3. Sasquatch , Sergey Kalinin 1 (Teemu Hartikainen 2, Ty Rattie 1) at 18:56
4. Demolitions , Brendon Nash 3 (Martins Karsums 16) at 19:40 (PP)
Penalties :
Corban Knight (Vic) for Elbowing (Minor) at 0:56, Drew Shore (Gat) for Holding (Minor) at 7:46, Yann Sauvé (Gat) for Tripping (Minor) at 8:42, Jason Zucker (Gat) for Interference (Minor) at 14:20, Ryan Strome (Gat) for High sticking (Minor) at 19:30, Ryan Bayda (Vic) for Roughing (Minor) at 19:54
2nd period
5. Sasquatch , Nick Leddy 2 (Drew Shore 17, Yann Sauvé 12) at 0:06 (PP)
6. Sasquatch , Stephane Da Costa 15 (Filip Forsberg 16, Danny DeKeiser 4) at 11:29
7. Sasquatch , Filip Forsberg 12 (Nick Leddy 18, Yann Sauvé 13) at 14:36
Penalties :
Yann Sauvé (Gat) for Boarding (Minor) at 1:04, Robert Bortuzzo (Vic) for Tripping (Minor) at 3:40, Mike Sauer (Vic) for Slashing (Minor) at 4:15, Nicolas Blanchard (Vic) for Boarding (Minor) at 19:14
3rd period
8. Sasquatch , Nick Leddy 3 (Stephane Da Costa 13, Yann Sauvé 14) at 4:27
9. Sasquatch , Filip Forsberg 13 (Drew Shore 18, Nick Leddy 19) at 5:23 (PP)
10. Demolitions , Martins Karsums 12 (Ryan Bayda 16, Brendon Nash 5) at 7:40 (PP)
11. Demolitions , Nicolas Blanchard 5 (Bobby Butler 3) at 8:31 (PP)
12. Sasquatch , Jonathan Blum 3 (Jason Zucker 13) at 16:19 (PP)
Penalties :
Nicolas Blanchard (Vic) for Roughing (Minor) at 5:06, Ryan Bayda (Vic) for Hooking (Minor) at 5:26, Drew Shore (Gat) for Slashing (Minor) at 6:52, Drew Shore (Gat) for Hooking (Minor) at 7:59, Martins Karsums (Vic) for Hooking (Minor) at 9:39, Ryan Bayda (Vic) for Roughing (Minor) at 15:48, Brock Trotter (Gat) for Tripping (Minor) at 16:34
Goalie Stats
Joonas Korpisalo (Gat), 24 saves from 29 shots - (0.828), W, 1-3-0, 60:00 minutes
Joe Cannata (Vic), 31 saves from 38 shots - (0.816), L, 2-7-2, 60:00 minutes
Players Stats for Sasquatch
Player Name G A P +/- PIM S H SB GA TA FO MP PP MP PK MP
------------------------------------------------------------------------------------
Brock Trotter 0 0 0 0 2 2 1 0 0 0 0/1 10:05 0:10 0:49
Danny DeKeiser 0 1 1 1 0 2 0 1 1 0 0/0 21:26 3:57 5:08
Drew Shore 0 2 2 0 6 4 2 1 2 0 16/30 21:31 6:41 3:38
Filip Forsberg 2 1 3 3 0 5 1 0 1 0 3/4 23:34 6:42 1:57
Garnet Hathaway 0 0 0 0 0 2 2 0 0 0 0/1 12:38 0:00 4:17
Jason Zucker 0 1 1 0 2 3 2 0 0 0 1/2 15:53 4:05 0:23
Jonathan Blum 1 0 1 1 0 2 1 1 0 0 0/0 20:09 3:57 2:26
Nick Leddy 2 2 4 3 0 4 2 0 1 2 0/0 26:06 7:00 0:01
Rickard Rakell 0 0 0 0 0 0 2 0 0 0 2/7 10:05 0:11 0:09
Ryan Strome 0 0 0 0 2 0 1 0 0 1 1/3 15:19 4:05 0:00
Sergey Kalinin 1 0 1 1 0 3 0 1 1 0 0/0 7:32 0:00 1:50
Slava Voynov 0 0 0 0 0 0 1 1 0 0 0/0 12:16 0:00 1:43
Stephane Da Costa 1 1 2 3 0 5 3 0 2 0 10/22 19:11 4:05 0:15
Teemu Hartikainen 0 1 1 1 0 0 0 0 0 1 1/1 8:20 0:00 1:50
Ty Rattie 0 1 1 1 0 1 4 0 0 1 0/1 12:11 6:41 0:00
Ty Wishart 0 0 0 0 0 1 1 1 0 1 0/0 12:28 0:00 2:25
Tyler Randell 0 0 0 3 0 2 3 0 0 1 1/1 15:20 0:10 0:00
Yann Sauvé 0 3 3 3 4 2 3 3 0 1 0/0 27:41 7:00 3:25
Players Stats for Demolitions
Player Name G A P +/- PIM S H SB GA TA FO MP PP MP PK MP
------------------------------------------------------------------------------------
Alex Hutchings 0 0 0 0 0 0 0 0 0 0 1/2 4:46 0:15 3:41
Andrew Campbell 0 0 0 -2 0 2 1 0 0 0 0/0 19:26 2:59 2:48
Billy Sweat 0 0 0 0 0 0 0 0 0 0 0/0 4:14 0:00 0:00
Bobby Butler 0 2 2 -1 0 3 1 0 0 0 0/0 18:20 3:23 1:34
Brandon McMillan 0 0 0 0 0 1 0 0 0 0 0/0 4:14 0:00 0:00
Brendon Nash 1 1 2 -2 0 4 2 1 2 2 0/0 30:46 4:27 8:09
Corban Knight 0 0 0 -2 2 1 1 1 0 0 3/3 11:14 0:00 1:08
Darren Helm 0 1 1 -1 0 1 2 1 0 0 9/24 17:58 3:51 1:58
Erik Condra 1 0 1 -1 0 3 1 1 1 0 1/1 16:46 3:23 0:00
Frazer Mclaren 0 0 0 -2 0 0 3 0 0 0 0/0 9:39 0:00 0:00
Jack Skille 0 0 0 -2 0 2 1 0 1 0 0/0 10:30 0:05 0:00
Josh Beaulieu 0 0 0 0 0 0 0 0 0 0 0/0 2:07 0:05 0:31
Martins Karsums 2 1 3 -1 2 3 4 0 2 0 14/19 26:56 4:06 6:29
Mike Sauer 0 0 0 -2 2 0 6 1 0 2 0/0 27:19 4:27 6:49
Mitchell Moroz 0 0 0 0 0 0 0 0 0 0 0/0 0:00 0:00 0:00
Nick Pryor 0 0 0 0 0 0 0 0 0 0 0/0 2:36 0:00 0:29
Nicolas Blanchard 1 0 1 -1 4 1 2 0 1 2 8/19 16:52 3:23 0:00
Robert Bortuzzo 0 0 0 0 2 0 0 0 0 0 0/0 9:50 0:08 0:03
Ryan Bayda 0 2 2 -1 6 7 0 0 1 0 0/2 21:19 4:06 4:59
Ryan Olsen 0 0 0 0 0 0 0 0 0 0 0/0 0:14 0:00 0:07
Ryan Russell 0 0 0 0 0 0 0 0 0 0 2/3 1:47 0:05 0:00
Seth Helgeson 0 0 0 -2 0 1 2 0 0 2 0/0 19:26 2:59 2:48
Taylor Aronson 0 0 0 0 0 0 0 0 0 0 0/0 10:38 0:08 0:50
Thomas DiPauli 0 0 0 0 0 0 0 0 0 0 0/0 0:00 0:00 0:00
Vince Rocco 0 0 0 0 0 0 0 0 0 0 0/0 0:00 0:00 0:00
3 Stars
1 - Nick Leddy (Gat)
2 - Filip Forsberg (Gat)
3 - Stephane Da Costa (Gat)
Power Play
Sasquatch - 3 on 9 Attempt(s) - 33.33%
Demolitions - 5 on 8 Attempt(s) - 62.50%
Penalty Kill
Sasquatch - 3 on 8 Attempt(s) - 37.50%
- Score 0 goal in Penalty Kill
Demolitions - 6 on 9 Attempt(s) - 66.67%
- Score 0 goal in Penalty Kill
Team Stat
Sasquatch - Hits : 29 - Faceoff Wins : 35 - Blocked Shots : 9 - Penalty Minutes : 16
Demolitions - Hits : 26 - Faceoff Wins : 38 - Blocked Shots : 5 - Penalty Minutes : 18
Official
Referees : Rehman Kyle and McCreary Bill
Linesman : Pierre Champoux and Don Henderson
Game Notes
No Game Note
Finance
Level 1 -- Attendance: 1314 (65.70%) -- Ticket Income $52,560
Level 2 -- Attendance: 682 (68.20%) -- Ticket Income $13,640
Total Attendance: 1996 (66.53%)
Total Ticket Income: $66,200
Other Income: $3,310
Total Income: $69,510
Sasquatch
5 vs 5 Forward
Center Left Wing Right Wing Time % Phy DF OF
1 Stephane Da Costa Filip Forsberg Tyler Randell 40 1 2 2
2 Drew Shore Jason Zucker Ryan Strome 30 1 2 2
3 Rickard Rakell Brock Trotter Garnet Hathaway 20 1 2 2
4 Sergey Kalinin Teemu Hartikainen Ty Rattie 10 1 2 2
5 vs 5 Defense
Defense Defense Time % Phy DF OF
1 Yann Sauvé Nick Leddy 40 1 2 2
2 Danny DeKeiser Jonathan Blum 30 1 2 2
3 Ty Wishart Slava Voynov 20 1 2 2
4 Jonathan Blum Nick Leddy 10 1 2 2
PowerPlay Forward
Center Left Wing Right Wing Time % Phy DF OF
1 Drew Shore Filip Forsberg Ty Rattie 60 1 2 2
2 Stephane Da Costa Jason Zucker Ryan Strome 40 1 2 2
PowerPlay Defense
Defense Defense Time % Phy DF OF
1 Nick Leddy Yann Sauvé 60 1 2 2
2 Danny DeKeiser Jonathan Blum 40 1 2 2
Penalty Kill 4 Players Forward
Center Wing Time % Phy DF OF
1 Drew Shore Garnet Hathaway 60 1 2 2
2 Sergey Kalinin Teemu Hartikainen 40 1 2 2
Penalty Kill 4 Players Defense
Defense Defense Time % Phy DF OF
1 Yann Sauvé Danny DeKeiser 60 1 2 2
2 Ty Wishart Jonathan Blum 40 1 2 2
Penalty Kill - 3 Players Forward
Forward Time % Phy DF OF
1 Drew Shore 60 1 2 2
2 Rickard Rakell 40 1 2 2
Penalty Kill - 3 Players Defense
Defense Defense Time % Phy DF OF
1 Danny DeKeiser Yann Sauvé 60 1 2 2
2 Jonathan Blum Ty Wishart 40 1 2 2
4 vs 4 Forward
Center Wing Time % Phy DF OF
1 Drew Shore Filip Forsberg 60 1 2 2
2 Stephane Da Costa Tyler Randell 40 1 2 2
4 vs 4 Defense
Defense Defense Time % Phy DF OF
1 Danny DeKeiser Yann Sauvé 60 1 2 2
2 Nick Leddy Jonathan Blum 40 1 2 2
Last Minutes Offensive
Center Left Wing Right Wing Defense Defense
Stephane Da Costa Filip Forsberg Tyler Randell Nick Leddy Jonathan Blum
Last Minutes Defensive
Center Left Wing Right Wing Defense Defense
Drew Shore Teemu Hartikainen Garnet Hathaway Yann Sauvé Danny DeKeiser
Goaltenders
Starting : Joonas Korpisalo
Backup : Corey Crawford
Extra Forwards
Normal : Rickard Rakell, Teemu Hartikainen, Stephane Da Costa - PP : Jason Zucker, Rickard Rakell - PK : Filip Forsberg
Extra Defensemen
Normal : Jonathan Blum, Slava Voynov, Yann Sauvé - PP : Yann Sauvé - PK : Slava Voynov, Ty Wishart
Penalty Shots
Ryan Strome, Ty Rattie, Jason Zucker, Tyler Randell, Filip Forsberg
Scratches
Andy Andreoff (Healthy), T.J. Tynan (Healthy), Jason Akeson (Strained Left Elbow Injury), Joey Laleggia (Healthy), Greg Pateryn (Lacerated Left Calf Injury)
Jack Campbell (Healthy)
Demolitions
5 vs 5 Forward
Center Left Wing Right Wing Time % Phy DF OF
1 Darren Helm Ryan Bayda Martins Karsums 40 1 2 2
2 Nicolas Blanchard Bobby Butler Erik Condra 30 1 2 2
3 Corban Knight Frazer Mclaren Jack Skille 20 1 2 2
4 Brandon McMillan Billy Sweat Martins Karsums 10 1 2 2
5 vs 5 Defense
Defense Defense Time % Phy DF OF
1 Brendon Nash Mike Sauer 40 1 2 2
2 Seth Helgeson Andrew Campbell 30 1 2 2
3 Robert Bortuzzo Taylor Aronson 20 1 2 2
4 Nick Pryor Brendon Nash 10 1 2 2
PowerPlay Forward
Center Left Wing Right Wing Time % Phy DF OF
1 Darren Helm Ryan Bayda Martins Karsums 60 1 2 2
2 Nicolas Blanchard Bobby Butler Erik Condra 40 1 2 2
PowerPlay Defense
Defense Defense Time % Phy DF OF
1 Brendon Nash Mike Sauer 60 1 2 2
2 Seth Helgeson Andrew Campbell 40 1 2 2
Penalty Kill 4 Players Forward
Center Wing Time % Phy DF OF
1 Martins Karsums Ryan Bayda 60 1 2 2
2 Bobby Butler Darren Helm 40 1 2 2
Penalty Kill 4 Players Defense
Defense Defense Time % Phy DF OF
1 Brendon Nash Mike Sauer 60 1 2 2
2 Seth Helgeson Andrew Campbell 40 1 2 2
Penalty Kill - 3 Players Forward
Forward Time % Phy DF OF
1 Martins Karsums 60 1 2 2
2 Ryan Bayda 40 1 2 2
Penalty Kill - 3 Players Defense
Defense Defense Time % Phy DF OF
1 Brendon Nash Mike Sauer 60 1 2 2
2 Seth Helgeson Andrew Campbell 40 1 2 2
4 vs 4 Forward
Center Wing Time % Phy DF OF
1 Martins Karsums Ryan Bayda 60 1 2 2
2 Bobby Butler Darren Helm 40 1 2 2
4 vs 4 Defense
Defense Defense Time % Phy DF OF
1 Brendon Nash Mike Sauer 60 1 2 2
2 Seth Helgeson Andrew Campbell 40 1 2 2
Last Minutes Offensive
Center Left Wing Right Wing Defense Defense
Darren Helm Ryan Bayda Martins Karsums Brendon Nash Mike Sauer
Last Minutes Defensive
Center Left Wing Right Wing Defense Defense
Darren Helm Ryan Bayda Martins Karsums Brendon Nash Mike Sauer
Goaltenders
Starting : Joe Cannata
Backup : Olivier Roy
Extra Forwards
Normal : Ryan Russell, Josh Beaulieu, Alex Hutchings - PP : Ryan Russell, Josh Beaulieu - PK : Alex Hutchings
Extra Defensemen
Normal : Robert Bortuzzo, Taylor Aronson, Nick Pryor - PP : Robert Bortuzzo - PK : Taylor Aronson, Nick Pryor
Penalty Shots
Martins Karsums, Ryan Bayda, Bobby Butler, Darren Helm, Erik Condra
Scratches
Taylor Leier (Healthy), Jake Paterson (Healthy), Jussi Rynnas (Healthy)
% Time on Ice - Sasquatch
Lines # - Real PCT - Wanted PCT - Time Play
Normal Forward
1 - 38% - 40% - 15:45
2 - 27% - 30% - 11:15
3 - 20% - 20% - 8:14
4 - 14% - 10% - 5:42
Normal Defense
1 - 42% - 40% - 17:15
2 - 29% - 30% - 11:41
3 - 25% - 20% - 10:03
4 - 5% - 10% - 1:57
PP Forward
1 - 63% - 60% - 6:52
2 - 37% - 40% - 4:05
PP Defense
1 - 64% - 60% - 7:00
2 - 36% - 40% - 3:57
PK Forward
1 - 76% - 60% - 5:44
2 - 24% - 40% - 1:50
PK Defense
1 - 68% - 60% - 5:09
2 - 32% - 40% - 2:25
PK3 Forward
1 - 0% - 60%
2 - 0% - 40%
PK3 Defense
1 - 0% - 60%
2 - 0% - 40%
44 Forward
1 - 100% - 60% - 0:33
2 - 0% - 40% - 0:00
44 Defense
1 - 100% - 60% - 0:33
2 - 0% - 40% - 0:00
Last Minute Offensive - 0:00
Last Minute Defensive - 0:00
Total
Forward - 60:00
Defense - 60:00
|
% Time on Ice - Demolitions
Lines # - Real PCT - Wanted PCT - Time Play
Normal Forward
1 - 33% - 40% - 13:40
2 - 33% - 30% - 13:23
3 - 24% - 20% - 9:39
4 - 10% - 10% - 4:14
Normal Defense
1 - 39% - 40% - 15:58
2 - 32% - 30% - 13:15
3 - 23% - 20% - 9:36
4 - 5% - 10% - 2:07
PP Forward
1 - 55% - 60% - 4:11
2 - 45% - 40% - 3:23
PP Defense
1 - 61% - 60% - 4:35
2 - 39% - 40% - 2:59
PK Forward
1 - 84% - 60% - 7:59
2 - 16% - 40% - 1:34
PK Defense
1 - 77% - 60% - 7:19
2 - 23% - 40% - 2:14
PK3 Forward
1 - 86% - 60% - 1:12
2 - 14% - 40% - 0:12
PK3 Defense
1 - 60% - 60% - 0:50
2 - 40% - 40% - 0:34
44 Forward
1 - 100% - 60% - 0:33
2 - 0% - 40% - 0:00
44 Defense
1 - 27% - 60% - 0:09
2 - 73% - 40% - 0:24
Last Minute Offensive - 0:00
Last Minute Defensive - 0:00
Total
Forward - 60:00
Defense - 60:00
|
Play by Play
1st period
0:01 of 1st period - Martins Karsums wins face-off versus Stephane Da Costa in neutral zone.
0:06 of 1st period - Snap shot by Darren Helm.
0:06 of 1st period - Shot Blocked by Yann Sauvé.
0:08 of 1st period - Slapshot by Brendon Nash.
0:08 of 1st period - Shot Blocked by Yann Sauvé.
0:10 of 1st period - Snap shot by Brendon Nash.
0:10 of 1st period - Deflect By Martins Karsums.
0:10 of 1st period - Shot Misses the Net.
0:10 of 1st period - Puck is out of play.
0:11 of 1st period - Drew Shore wins face-off versus Nicolas Blanchard in Sasquatch zone.
0:11 of 1st period - Drew Shore is hit by Nicolas Blanchard.
0:27 of 1st period - Wrist shot by Drew Shore.
0:27 of 1st period - Shot Misses the Net.
0:56 of 1st period - Minor Penalty to Corban Knight for Elbowing.
0:57 of 1st period - Martins Karsums wins face-off versus Drew Shore in Demolitions zone.
1:22 of 1st period - Bobby Butler is hit by Nick Leddy and loses puck.
2:56 of 1st period - Penalty to Corban Knight is over, Corban Knight is back on ice.
3:02 of 1st period - Slapshot by Brendon Nash.
3:02 of 1st period - Deflect By Jonathan Blum.
3:02 of 1st period - Stopped by Joonas Korpisalo without a rebound.
3:03 of 1st period - Nicolas Blanchard wins face-off versus Rickard Rakell in Sasquatch zone.
3:28 of 1st period - Corban Knight is hit by Stephane Da Costa and loses puck.
3:42 of 1st period - Off-side.
3:43 of 1st period - Drew Shore wins face-off versus Martins Karsums in neutral zone.
3:55 of 1st period - Snap shot by Darren Helm.
3:55 of 1st period - Shot Blocked by Yann Sauvé.
4:09 of 1st period - Yann Sauvé is hit by Brendon Nash.
4:15 of 1st period - Erik Condra is hit by Ty Wishart and loses puck.
4:32 of 1st period - Snap shot by Jack Skille.
4:32 of 1st period - Shot Misses the Net.
4:35 of 1st period - Icing by Ty Wishart.
4:36 of 1st period - Teemu Hartikainen wins face-off versus Ryan Bayda in Sasquatch zone.
4:43 of 1st period - Snap shot by Ty Rattie.
4:43 of 1st period - Shot Misses the Net.
4:51 of 1st period - Slapshot by Ryan Bayda.
4:51 of 1st period - Stopped by Joonas Korpisalo without a rebound.
4:52 of 1st period - Nicolas Blanchard wins face-off versus Stephane Da Costa in Sasquatch zone.
5:07 of 1st period - Snap shot by Filip Forsberg.
5:07 of 1st period - Deflect By Tyler Randell.
5:07 of 1st period - Stopped by Joe Cannata with a rebound.
5:37 of 1st period - Off-side.
5:38 of 1st period - Corban Knight wins face-off versus Brock Trotter in neutral zone.
5:38 of 1st period - Jack Skille is hit by Brock Trotter and loses puck.
6:26 of 1st period - Nick Leddy is hit by Mike Sauer and loses puck.
7:27 of 1st period - Wrist shot by Stephane Da Costa.
7:27 of 1st period - Stopped by Joe Cannata with a rebound.
7:29 of 1st period - Slapshot by Ty Wishart.
7:29 of 1st period - Shot Blocked by Erik Condra.
7:31 of 1st period - Snap shot by Ty Wishart.
7:31 of 1st period - Shot Misses the Net.
7:33 of 1st period - Wrist shot by Stephane Da Costa.
7:33 of 1st period - Shot Misses the Net.
7:35 of 1st period - Snap shot by Filip Forsberg.
7:35 of 1st period - Stopped by Joe Cannata with a rebound.
7:46 of 1st period - Minor Penalty to Drew Shore for Holding.
7:47 of 1st period - Darren Helm wins face-off versus Filip Forsberg in Sasquatch zone.
7:53 of 1st period - Snap shot by Martins Karsums.
7:53 of 1st period - Goal by Martins Karsums - Sasquatch : 0 - Demolitions : 1.
7:54 of 1st period - Stephane Da Costa wins face-off versus Darren Helm in neutral zone.
8:42 of 1st period - Minor Penalty to Yann Sauvé for Tripping.
8:43 of 1st period - Drew Shore wins face-off versus Nicolas Blanchard in Sasquatch zone.
9:15 of 1st period - Snap shot by Erik Condra.
9:15 of 1st period - Goal by Erik Condra - Sasquatch : 0 - Demolitions : 2.
9:16 of 1st period - Tyler Randell wins face-off versus Darren Helm in neutral zone.
9:25 of 1st period - Slapshot by Stephane Da Costa.
9:25 of 1st period - Shot Misses the Net.
9:27 of 1st period - Slapshot by Jonathan Blum.
9:27 of 1st period - Stopped by Joe Cannata without a rebound.
9:28 of 1st period - Stephane Da Costa wins face-off versus Darren Helm in Demolitions zone.
9:39 of 1st period - Nick Leddy is hit by Martins Karsums and loses puck.
9:44 of 1st period - Backhand shot by Ryan Bayda.
9:44 of 1st period - Stopped by Joonas Korpisalo without a rebound.
9:45 of 1st period - Nicolas Blanchard wins face-off versus Drew Shore in Sasquatch zone.
9:48 of 1st period - Snap shot by Erik Condra.
9:48 of 1st period - Shot Misses the Net.
10:12 of 1st period - Jonathan Blum is hit by Frazer Mclaren and loses puck.
10:19 of 1st period - Snap shot by Corban Knight.
10:19 of 1st period - Deflect By Jack Skille.
10:19 of 1st period - Stopped by Joonas Korpisalo without a rebound.
10:20 of 1st period - Stephane Da Costa wins face-off versus Darren Helm in Sasquatch zone.
10:29 of 1st period - Wrist shot by Stephane Da Costa.
10:29 of 1st period - Shot Misses the Net.
10:56 of 1st period - Jason Zucker is hit by Nicolas Blanchard and loses puck.
11:33 of 1st period - Wrist shot by Brandon McMillan.
11:33 of 1st period - Stopped by Joonas Korpisalo with a rebound.
11:35 of 1st period - Snap shot by Martins Karsums.
11:35 of 1st period - Shot Misses the Net.
11:37 of 1st period - Slapshot by Martins Karsums.
11:37 of 1st period - Stopped by Joonas Korpisalo without a rebound.
11:38 of 1st period - Stephane Da Costa wins face-off versus Nicolas Blanchard in Sasquatch zone.
11:45 of 1st period - Snap shot by Stephane Da Costa.
11:45 of 1st period - Stopped by Joe Cannata without a rebound.
11:46 of 1st period - Nicolas Blanchard wins face-off versus Stephane Da Costa in Demolitions zone.
11:46 of 1st period - Nicolas Blanchard is hit by Tyler Randell.
12:03 of 1st period - Off-side.
12:04 of 1st period - Drew Shore wins face-off versus Darren Helm in neutral zone.
12:15 of 1st period - Wrist shot by Drew Shore.
12:15 of 1st period - Shot Misses the Net.
12:17 of 1st period - Snap shot by Drew Shore.
12:17 of 1st period - Stopped by Joe Cannata with a rebound.
12:19 of 1st period - Slapshot by Danny DeKeiser.
12:19 of 1st period - Stopped by Joe Cannata without a rebound.
12:20 of 1st period - Stephane Da Costa wins face-off versus Nicolas Blanchard in Demolitions zone.
12:45 of 1st period - Ryan Bayda is hit by Ryan Strome and loses puck.
14:09 of 1st period - Ryan Bayda is hit by Jason Zucker and loses puck.
14:20 of 1st period - Minor Penalty to Jason Zucker for Interference.
14:21 of 1st period - Drew Shore wins face-off versus Darren Helm in Sasquatch zone.
14:54 of 1st period - Danny DeKeiser is hit by Martins Karsums and loses puck.
16:18 of 1st period - Jack Skille is hit by Yann Sauvé and loses puck.
16:20 of 1st period - Penalty to Jason Zucker is over, Jason Zucker is back on ice.
16:23 of 1st period - Snap shot by Jason Zucker.
16:23 of 1st period - Stopped by Joe Cannata without a rebound.
16:24 of 1st period - Stephane Da Costa wins face-off versus Ryan Russell in Demolitions zone.
17:14 of 1st period - Erik Condra is hit by Garnet Hathaway and loses puck.
17:29 of 1st period - Jason Zucker is hit by Frazer Mclaren.
17:55 of 1st period - Snap shot by Filip Forsberg.
17:55 of 1st period - Shot Misses the Net.
17:57 of 1st period - Snap shot by Yann Sauvé.
17:57 of 1st period - Stopped by Joe Cannata with a rebound.
17:59 of 1st period - Slapshot by Tyler Randell.
17:59 of 1st period - Shot Misses the Net.
18:01 of 1st period - Slapshot by Nick Leddy.
18:01 of 1st period - Stopped by Joe Cannata without a rebound.
18:02 of 1st period - Rickard Rakell wins face-off versus Nicolas Blanchard in Demolitions zone.
18:03 of 1st period - Snap shot by Brock Trotter.
18:03 of 1st period - Stopped by Joe Cannata with a rebound.
18:27 of 1st period - Frazer Mclaren is hit by Tyler Randell and loses puck.
18:50 of 1st period - Snap shot by Sergey Kalinin.
18:50 of 1st period - Shot Blocked by Corban Knight.
18:52 of 1st period - Snap shot by Teemu Hartikainen.
18:52 of 1st period - Deflect By Ty Rattie.
18:52 of 1st period - Stopped by Joe Cannata with a rebound.
18:54 of 1st period - Slapshot by Teemu Hartikainen.
18:54 of 1st period - Shot Misses the Net.
18:56 of 1st period - Snap shot by Sergey Kalinin.
18:56 of 1st period - Goal by Sergey Kalinin - Sasquatch : 1 - Demolitions : 2.
18:57 of 1st period - Stephane Da Costa wins face-off versus Darren Helm in neutral zone.
19:22 of 1st period - Erik Condra is hit by Yann Sauvé.
19:26 of 1st period - Slapshot by Andrew Campbell.
19:26 of 1st period - Stopped by Joonas Korpisalo without a rebound.
19:27 of 1st period - Drew Shore wins face-off versus Nicolas Blanchard in Sasquatch zone.
19:27 of 1st period - Drew Shore is hit by Erik Condra.
19:30 of 1st period - Minor Penalty to Ryan Strome for High sticking.
19:31 of 1st period - Drew Shore wins face-off versus Darren Helm in Sasquatch zone.
19:31 of 1st period - Drew Shore is hit by Darren Helm.
19:40 of 1st period - Snap shot by Brendon Nash.
19:40 of 1st period - Goal by Brendon Nash - Sasquatch : 1 - Demolitions : 3.
19:41 of 1st period - Stephane Da Costa wins face-off versus Darren Helm in neutral zone.
19:54 of 1st period - Minor Penalty to Ryan Bayda for Roughing.
19:55 of 1st period - Martins Karsums wins face-off versus Drew Shore in Demolitions zone.
Goals for this period are 1 for Sasquatch vs 3 for Demolitions.
Shots for this period are 13 for Sasquatch vs 10 for Demolitions.
2nd period
0:01 of 2nd period - Drew Shore wins face-off versus Martins Karsums in neutral zone.
0:04 of 2nd period - Wrist shot by Yann Sauvé.
0:04 of 2nd period - Deflect By Drew Shore.
0:04 of 2nd period - Stopped by Joe Cannata with a rebound.
0:06 of 2nd period - Wrist shot by Nick Leddy.
0:06 of 2nd period - Goal by Nick Leddy - Sasquatch : 2 - Demolitions : 3.
0:07 of 2nd period - Martins Karsums wins face-off versus Stephane Da Costa in neutral zone.
0:12 of 2nd period - Snap shot by Ryan Bayda.
0:12 of 2nd period - Stopped by Joonas Korpisalo with a rebound.
0:14 of 2nd period - Slapshot by Ryan Bayda.
0:14 of 2nd period - Stopped by Joonas Korpisalo with a rebound.
0:16 of 2nd period - Slapshot by Andrew Campbell.
0:16 of 2nd period - Deflect By Ryan Bayda.
0:16 of 2nd period - Stopped by Joonas Korpisalo with a rebound.
0:18 of 2nd period - Wrist shot by Martins Karsums.
0:18 of 2nd period - Shot Misses the Net.
0:20 of 2nd period - Snap shot by Seth Helgeson.
0:20 of 2nd period - Shot Misses the Net.
0:22 of 2nd period - Backhand shot by Andrew Campbell.
0:22 of 2nd period - Stopped by Joonas Korpisalo without a rebound.
0:23 of 2nd period - Erik Condra wins face-off versus Drew Shore in Sasquatch zone.
0:24 of 2nd period - Wrist shot by Nicolas Blanchard.
0:24 of 2nd period - Shot Misses the Net.
0:26 of 2nd period - Snap shot by Erik Condra.
0:26 of 2nd period - Stopped by Joonas Korpisalo with a rebound.
0:28 of 2nd period - Snap shot by Erik Condra.
0:28 of 2nd period - Stopped by Joonas Korpisalo without a rebound.
0:29 of 2nd period - Drew Shore wins face-off versus Nicolas Blanchard in Sasquatch zone.
0:36 of 2nd period - Wrist shot by Brendon Nash.
0:36 of 2nd period - Stopped by Joonas Korpisalo with a rebound.
0:38 of 2nd period - Slapshot by Brendon Nash.
0:38 of 2nd period - Shot Misses the Net.
0:40 of 2nd period - Wrist shot by Erik Condra.
0:40 of 2nd period - Shot Misses the Net.
0:42 of 2nd period - Wrist shot by Erik Condra.
0:42 of 2nd period - Shot Misses the Net.
0:51 of 2nd period - Icing by Nick Leddy.
0:52 of 2nd period - Darren Helm wins face-off versus Stephane Da Costa in Sasquatch zone.
1:04 of 2nd period - Minor Penalty to Yann Sauvé for Boarding.
1:05 of 2nd period - Darren Helm wins face-off versus Drew Shore in Sasquatch zone.
1:47 of 2nd period - Drew Shore is hit by Bobby Butler and loses puck.
2:36 of 2nd period - Brendon Nash is hit by Garnet Hathaway and loses puck.
3:04 of 2nd period - Penalty to Yann Sauvé is over, Yann Sauvé is back on ice.
3:40 of 2nd period - Minor Penalty to Robert Bortuzzo for Tripping.
3:41 of 2nd period - Martins Karsums wins face-off versus Ryan Strome in Demolitions zone.
3:52 of 2nd period - Wrist shot by Yann Sauvé.
3:52 of 2nd period - Shot Blocked by Mike Sauer.
3:54 of 2nd period - Snap shot by Yann Sauvé.
3:54 of 2nd period - Deflect By Stephane Da Costa.
3:54 of 2nd period - Shot Misses the Net.
3:54 of 2nd period - Puck is out of play.
3:55 of 2nd period - Drew Shore wins face-off versus Martins Karsums in Demolitions zone.
3:56 of 2nd period - Snap shot by Filip Forsberg.
3:56 of 2nd period - Shot Misses the Net.
3:58 of 2nd period - Slapshot by Nick Leddy.
3:58 of 2nd period - Shot Misses the Net.
4:00 of 2nd period - Snap shot by Drew Shore.
4:00 of 2nd period - Stopped by Joe Cannata without a rebound.
4:01 of 2nd period - Drew Shore wins face-off versus Martins Karsums in Demolitions zone.
4:10 of 2nd period - Snap shot by Drew Shore.
4:10 of 2nd period - Shot Misses the Net.
4:12 of 2nd period - Slapshot by Yann Sauvé.
4:12 of 2nd period - Deflect By Mike Sauer.
4:12 of 2nd period - Stopped by Joe Cannata without a rebound.
4:13 of 2nd period - Martins Karsums wins face-off versus Ty Rattie in Demolitions zone.
4:15 of 2nd period - Minor Penalty to Mike Sauer for Slashing.
4:16 of 2nd period - Martins Karsums wins face-off versus Drew Shore in Demolitions zone.
4:16 of 2nd period - Martins Karsums is hit by Nick Leddy.
5:40 of 2nd period - Penalty to Robert Bortuzzo is over, Robert Bortuzzo is back on ice.
6:15 of 2nd period - Penalty to Mike Sauer is over, Mike Sauer is back on ice.
6:24 of 2nd period - Taylor Aronson is hit by Rickard Rakell and loses puck.
6:39 of 2nd period - Teemu Hartikainen is hit by Corban Knight and loses puck.
6:46 of 2nd period - Slapshot by Corban Knight.
6:46 of 2nd period - Stopped by Joonas Korpisalo with a rebound.
6:48 of 2nd period - Slapshot by Seth Helgeson.
6:48 of 2nd period - Deflect By Jack Skille.
6:48 of 2nd period - Shot Blocked by Sergey Kalinin.
6:48 of 2nd period - Puck is out of play.
6:49 of 2nd period - Nicolas Blanchard wins face-off versus Rickard Rakell in Sasquatch zone.
6:50 of 2nd period - Wrist shot by Bobby Butler.
6:50 of 2nd period - Stopped by Joonas Korpisalo without a rebound.
6:51 of 2nd period - Rickard Rakell wins face-off versus Nicolas Blanchard in Sasquatch zone.
6:51 of 2nd period - Rickard Rakell is hit by Mike Sauer.
7:19 of 2nd period - Brendon Nash is hit by Drew Shore and loses puck.
7:26 of 2nd period - Off-side.
7:27 of 2nd period - Stephane Da Costa wins face-off versus Darren Helm in neutral zone.
7:42 of 2nd period - Snap shot by Ryan Bayda.
7:42 of 2nd period - Stopped by Joonas Korpisalo without a rebound.
7:43 of 2nd period - Nicolas Blanchard wins face-off versus Ryan Strome in Sasquatch zone.
8:14 of 2nd period - Snap shot by Stephane Da Costa.
8:14 of 2nd period - Stopped by Joe Cannata with a rebound.
8:16 of 2nd period - Slapshot by Filip Forsberg.
8:16 of 2nd period - Stopped by Joe Cannata with a rebound.
8:18 of 2nd period - Wrist shot by Tyler Randell.
8:18 of 2nd period - Shot Blocked by Brendon Nash.
8:20 of 2nd period - Snap shot by Filip Forsberg.
8:20 of 2nd period - Deflect By Tyler Randell.
8:20 of 2nd period - Stopped by Joe Cannata with a rebound.
8:22 of 2nd period - Snap shot by Stephane Da Costa.
8:22 of 2nd period - Shot Blocked by Darren Helm.
9:01 of 2nd period - Wrist shot by Sergey Kalinin.
9:01 of 2nd period - Stopped by Joe Cannata with a rebound.
9:21 of 2nd period - Wrist shot by Jason Zucker.
9:21 of 2nd period - Stopped by Joe Cannata with a rebound.
9:23 of 2nd period - Slapshot by Ty Wishart.
9:23 of 2nd period - Stopped by Joe Cannata without a rebound.
9:24 of 2nd period - Stephane Da Costa wins face-off versus Nicolas Blanchard in Demolitions zone.
10:31 of 2nd period - Darren Helm is hit by Ty Rattie.
10:41 of 2nd period - Slapshot by Danny DeKeiser.
10:41 of 2nd period - Stopped by Joe Cannata with a rebound.
11:07 of 2nd period - Danny DeKeiser is hit by Frazer Mclaren and loses puck.
11:16 of 2nd period - Andrew Campbell is hit by Stephane Da Costa and loses puck.
11:27 of 2nd period - Wrist shot by Stephane Da Costa.
11:27 of 2nd period - Shot Misses the Net.
11:29 of 2nd period - Snap shot by Stephane Da Costa.
11:29 of 2nd period - Goal by Stephane Da Costa - Sasquatch : 3 - Demolitions : 3.
11:30 of 2nd period - Drew Shore wins face-off versus Ryan Bayda in neutral zone.
12:18 of 2nd period - Snap shot by Erik Condra.
12:18 of 2nd period - Shot Blocked by Slava Voynov.
12:20 of 2nd period - Backhand shot by Mike Sauer.
12:20 of 2nd period - Shot Blocked by Ty Wishart.
12:22 of 2nd period - Slapshot by Bobby Butler.
12:22 of 2nd period - Stopped by Joonas Korpisalo with a rebound.
12:42 of 2nd period - Drew Shore is hit by Mike Sauer and loses puck.
13:53 of 2nd period - Brendon Nash is hit by Filip Forsberg and loses puck.
13:59 of 2nd period - Off-side.
14:00 of 2nd period - Nicolas Blanchard wins face-off versus Stephane Da Costa in neutral zone.
14:32 of 2nd period - Slapshot by Nick Leddy.
14:32 of 2nd period - Shot Misses the Net.
14:34 of 2nd period - Slapshot by Nick Leddy.
14:34 of 2nd period - Stopped by Joe Cannata with a rebound.
14:36 of 2nd period - Snap shot by Filip Forsberg.
14:36 of 2nd period - Goal by Filip Forsberg - Sasquatch : 4 - Demolitions : 3.
14:37 of 2nd period - Ryan Strome wins face-off versus Darren Helm in neutral zone.
15:07 of 2nd period - Wrist shot by Stephane Da Costa.
15:07 of 2nd period - Shot Misses the Net.
15:29 of 2nd period - Garnet Hathaway is hit by Jack Skille and loses puck.
16:48 of 2nd period - Jack Skille is hit by Jonathan Blum and loses puck.
17:17 of 2nd period - Erik Condra is hit by Rickard Rakell.
17:40 of 2nd period - Brendon Nash is hit by Tyler Randell and loses puck.
17:57 of 2nd period - Wrist shot by Jason Zucker.
17:57 of 2nd period - Stopped by Joe Cannata without a rebound.
17:58 of 2nd period - Jason Zucker wins face-off versus Nicolas Blanchard in Demolitions zone.
18:12 of 2nd period - Snap shot by Seth Helgeson.
18:12 of 2nd period - Stopped by Joonas Korpisalo without a rebound.
18:13 of 2nd period - Corban Knight wins face-off versus Stephane Da Costa in Sasquatch zone.
18:28 of 2nd period - Snap shot by Stephane Da Costa.
18:28 of 2nd period - Shot Misses the Net.
18:38 of 2nd period - Jason Zucker is hit by Martins Karsums and loses puck.
19:14 of 2nd period - Minor Penalty to Nicolas Blanchard for Boarding.
19:15 of 2nd period - Martins Karsums wins face-off versus Drew Shore in Demolitions zone.
19:42 of 2nd period - Ryan Bayda is hit by Stephane Da Costa and loses puck.
Goals for this period are 3 for Sasquatch vs 0 for Demolitions.
Shots for this period are 15 for Sasquatch vs 12 for Demolitions.
3rd period
0:01 of 3rd period - Drew Shore wins face-off versus Martins Karsums in neutral zone.
0:33 of 3rd period - Mike Sauer is hit by Jason Zucker and loses puck.
0:49 of 3rd period - Off-side.
0:50 of 3rd period - Martins Karsums wins face-off versus Jason Zucker in neutral zone.
1:14 of 3rd period - Penalty to Nicolas Blanchard is over, Nicolas Blanchard is back on ice.
2:05 of 3rd period - Sergey Kalinin is hit by Mike Sauer.
2:09 of 3rd period - Billy Sweat is hit by Ty Rattie and loses puck.
2:46 of 3rd period - Slapshot by Brendon Nash.
2:46 of 3rd period - Stopped by Joonas Korpisalo with a rebound.
2:48 of 3rd period - Backhand shot by Jack Skille.
2:48 of 3rd period - Shot Blocked by Danny DeKeiser.
2:50 of 3rd period - Slapshot by Mike Sauer.
2:50 of 3rd period - Shot Blocked by Drew Shore.
2:52 of 3rd period - Slapshot by Jack Skille.
2:52 of 3rd period - Stopped by Joonas Korpisalo with a rebound.
3:32 of 3rd period - Wrist shot by Sergey Kalinin.
3:32 of 3rd period - Stopped by Joe Cannata with a rebound.
3:53 of 3rd period - Off-side.
3:54 of 3rd period - Nicolas Blanchard wins face-off versus Stephane Da Costa in neutral zone.
4:02 of 3rd period - Off-side.
4:03 of 3rd period - Filip Forsberg wins face-off versus Nicolas Blanchard in neutral zone.
4:11 of 3rd period - Wrist shot by Bobby Butler.
4:11 of 3rd period - Shot Misses the Net.
4:23 of 3rd period - Snap shot by Stephane Da Costa.
4:23 of 3rd period - Shot Misses the Net.
4:25 of 3rd period - Snap shot by Stephane Da Costa.
4:25 of 3rd period - Stopped by Joe Cannata with a rebound.
4:27 of 3rd period - Slapshot by Nick Leddy.
4:27 of 3rd period - Goal by Nick Leddy - Sasquatch : 5 - Demolitions : 3.
4:28 of 3rd period - Darren Helm wins face-off versus Stephane Da Costa in neutral zone.
4:33 of 3rd period - Ryan Bayda is hit by Yann Sauvé and loses puck.
5:06 of 3rd period - Minor Penalty to Nicolas Blanchard for Roughing.
5:07 of 3rd period - Martins Karsums wins face-off versus Drew Shore in Demolitions zone.
5:23 of 3rd period - Snap shot by Filip Forsberg.
5:23 of 3rd period - Goal by Filip Forsberg - Sasquatch : 6 - Demolitions : 3.
5:24 of 3rd period - Darren Helm wins face-off versus Stephane Da Costa in neutral zone.
5:26 of 3rd period - Minor Penalty to Ryan Bayda for Hooking.
5:27 of 3rd period - Martins Karsums wins face-off versus Drew Shore in Demolitions zone.
5:39 of 3rd period - Snap shot by Drew Shore.
5:39 of 3rd period - Stopped by Joe Cannata without a rebound.
5:40 of 3rd period - Martins Karsums wins face-off versus Drew Shore in Demolitions zone.
5:40 of 3rd period - Martins Karsums is hit by Drew Shore.
5:49 of 3rd period - Off-side.
5:50 of 3rd period - Martins Karsums wins face-off versus Drew Shore in neutral zone.
5:59 of 3rd period - Martins Karsums is hit by Ty Rattie and loses puck.
6:52 of 3rd period - Minor Penalty to Drew Shore for Slashing.
6:53 of 3rd period - Ryan Russell wins face-off versus Rickard Rakell in Sasquatch zone.
7:01 of 3rd period - Icing by Danny DeKeiser.
7:02 of 3rd period - Ryan Russell wins face-off versus Rickard Rakell in Sasquatch zone.
7:26 of 3rd period - Penalty to Ryan Bayda is over, Ryan Bayda is back on ice.
7:40 of 3rd period - Wrist shot by Martins Karsums.
7:40 of 3rd period - Goal by Martins Karsums - Sasquatch : 6 - Demolitions : 4.
7:41 of 3rd period - Darren Helm wins face-off versus Stephane Da Costa in neutral zone.
7:44 of 3rd period - Tyler Randell is hit by Brendon Nash and loses puck.
7:55 of 3rd period - Wrist shot by Ryan Bayda.
7:55 of 3rd period - Deflect By Martins Karsums.
7:55 of 3rd period - Shot Blocked by Jonathan Blum.
7:55 of 3rd period - Puck is out of play.
7:56 of 3rd period - Drew Shore wins face-off versus Darren Helm in Sasquatch zone.
7:56 of 3rd period - Drew Shore is hit by Martins Karsums.
7:59 of 3rd period - Minor Penalty to Drew Shore for Hooking.
8:00 of 3rd period - Filip Forsberg wins face-off versus Darren Helm in Sasquatch zone.
8:31 of 3rd period - Wrist shot by Nicolas Blanchard.
8:31 of 3rd period - Goal by Nicolas Blanchard - Sasquatch : 6 - Demolitions : 5.
8:32 of 3rd period - Filip Forsberg wins face-off versus Darren Helm in neutral zone.
8:45 of 3rd period - Wrist shot by Filip Forsberg.
8:45 of 3rd period - Stopped by Joe Cannata with a rebound.
9:08 of 3rd period - Jason Zucker is hit by Andrew Campbell and loses puck.
9:33 of 3rd period - Snap shot by Garnet Hathaway.
9:33 of 3rd period - Stopped by Joe Cannata with a rebound.
9:39 of 3rd period - Minor Penalty to Martins Karsums for Hooking.
9:40 of 3rd period - Drew Shore wins face-off versus Alex Hutchings in Demolitions zone.
11:11 of 3rd period - Filip Forsberg is hit by Mike Sauer and loses puck.
11:24 of 3rd period - Nick Leddy is hit by Darren Helm and loses puck.
11:39 of 3rd period - Penalty to Martins Karsums is over, Martins Karsums is back on ice.
11:59 of 3rd period - Slapshot by Bobby Butler.
11:59 of 3rd period - Stopped by Joonas Korpisalo with a rebound.
12:14 of 3rd period - Wrist shot by Brock Trotter.
12:14 of 3rd period - Shot Misses the Net.
12:22 of 3rd period - Slapshot by Jonathan Blum.
12:22 of 3rd period - Shot Misses the Net.
12:24 of 3rd period - Snap shot by Brock Trotter.
12:24 of 3rd period - Stopped by Joe Cannata with a rebound.
12:26 of 3rd period - Wrist shot by Garnet Hathaway.
12:26 of 3rd period - Shot Misses the Net.
12:28 of 3rd period - Wrist shot by Garnet Hathaway.
12:28 of 3rd period - Stopped by Joe Cannata without a rebound.
12:29 of 3rd period - Darren Helm wins face-off versus Stephane Da Costa in Demolitions zone.
12:29 of 3rd period - Darren Helm is hit by Slava Voynov.
13:22 of 3rd period - Corban Knight is hit by Ty Rattie.
13:26 of 3rd period - Ty Rattie is hit by Mike Sauer and loses puck.
14:40 of 3rd period - Snap shot by Drew Shore.
14:40 of 3rd period - Shot Misses the Net.
15:27 of 3rd period - Snap shot by Darren Helm.
15:27 of 3rd period - Stopped by Joonas Korpisalo with a rebound.
15:30 of 3rd period - Icing by Jason Zucker.
15:31 of 3rd period - Darren Helm wins face-off versus Drew Shore in Sasquatch zone.
15:48 of 3rd period - Minor Penalty to Ryan Bayda for Roughing.
15:49 of 3rd period - Martins Karsums wins face-off versus Drew Shore in Demolitions zone.
16:19 of 3rd period - Slapshot by Jonathan Blum.
16:19 of 3rd period - Goal by Jonathan Blum - Sasquatch : 7 - Demolitions : 5.
16:20 of 3rd period - Corban Knight wins face-off versus Garnet Hathaway in neutral zone.
16:34 of 3rd period - Minor Penalty to Brock Trotter for Tripping.
16:35 of 3rd period - Darren Helm wins face-off versus Drew Shore in Sasquatch zone.
16:45 of 3rd period - Snap shot by Ryan Bayda.
16:45 of 3rd period - Stopped by Joonas Korpisalo without a rebound.
16:46 of 3rd period - Drew Shore wins face-off versus Darren Helm in Sasquatch zone.
17:29 of 3rd period - Sergey Kalinin is hit by Seth Helgeson and loses puck.
18:34 of 3rd period - Penalty to Brock Trotter is over, Brock Trotter is back on ice.
18:45 of 3rd period - Jonathan Blum is hit by Seth Helgeson and loses puck.
18:48 of 3rd period - Slapshot by Nick Leddy.
18:48 of 3rd period - Shot Misses the Net.
19:43 of 3rd period - Icing by Garnet Hathaway.
19:44 of 3rd period - Alex Hutchings wins face-off versus Rickard Rakell in Sasquatch zone.
Goals for this period are 3 for Sasquatch vs 2 for Demolitions.
Shots for this period are 10 for Sasquatch vs 7 for Demolitions.
Back to the Top